 Dungeon Crawl Stone Soup version 0.30-a0-121-gb27577e5d9 (webtiles) character file.

Game seed: 1573686594887853605

89315 Dreamer the Peltast (level 16, -4/119 HPs)
             Began as a Formicid Fighter on Sept 14, 2022.
             Was a Priest of the Shining One.
             Slain by Decritt's ghost (6 damage)
             ... on level 5 of the Lair of Beasts.
             The game lasted 02:17:03 (37426 turns).

Dreamer the Peltast (Formicid Fighter)             Turns: 37426, Time: 02:17:04

Health: -4/119     AC: 31    Str: 26    XL:     16   Next: 43%
Magic:  19/21      EV: 13    Int:  9    God:    the Shining One [***...]
Gold:   2433       SH: 22    Dex: 18    Spells: 15/15 levels left

rFire   + + .      SeeInvis +    a - +2 dire flail (holy)
rCold   . . .      Faith    .    m - +0 buckler {rF+}
rNeg    + . .      Spirit   .    p - +1 plate armour of Imperfection {rF+ rCorr Dex+5}
rPois   .          Reflect  +    (helmet unavailable)
rElec   .          Harm     .    e - +1 cloak {Will+}
rCorr   +          Rampage  .    F - +0 pair of gloves
Will    ++...      Clarity  +    v - +0 pair of boots
Stlth   ..........               T - amulet of reflection
HPRegen 0.29/turn                O - +4 ring of protection
MPRegen 0.17/turn                B - +4 ring of protection

@: lethally poisoned (-4 -> -8), divinely shielded, glowing
A: permanent stasis, dig shafts and tunnels, antennae 3, four strong arms,
clarity, frail 1, mutation resistance 1, sense surroundings 1, weak 1
a: Dig, Shaft Self, Renounce Religion, Divine Shield, Cleansing Flame


You were on level 5 of the Lair of Beasts.
You worshipped the Shining One.
The Shining One was most pleased with you.
You visited 4 branches of the dungeon, and saw 23 of its levels.
You visited the Abyss 1 time.
You also visited: Sewer and Ice Cave.

You collected 2818 gold pieces.
You spent 385 gold pieces at shops.

Inventory:

Hand Weapons
 a - a +2 dire flail of holy wrath (weapon)
 K - a +0 antimagic flail
 N - a +0 giant spiked club
 Q - a +3 flail of freezing
Armour
 e - a +1 cloak of willpower (worn)
 m - a +0 buckler of fire resistance (worn)
 p - the +1 plate armour of Imperfection (worn) {rF+ rCorr Dex+5}
   (You found it on level 1 of the Lair of Beasts)

   Dex:       It affects your dexterity (+5).
   rF:        It protects you from fire.
   rCorr:     It protects you from acid and corrosion.
 v - a +0 pair of boots (worn)
 F - a +0 pair of gloves (worn)
Jewellery
 b - a ring of protection from cold
 j - an amulet of the acrobat
 y - an amulet of faith
 B - a +4 ring of protection (right hand)
 H - a ring of fire
 I - a ring of positive energy
 O - a +4 ring of protection (left hand)
 P - a ring of willpower
 T - an amulet of reflection (around neck)
 U - a +4 ring of evasion
 Z - a ring of willpower
Wands
 g - a wand of paralysis (5)
 C - a wand of polymorph (13)
 J - a wand of acid (6)
 V - a wand of roots (5)
Scrolls
 h - 6 scrolls of immolation
 k - 2 scrolls of magic mapping
 l - 4 scrolls of amnesia
 s - 3 scrolls of blinking {unknown}
 u - 2 scrolls of poison
 w - 3 scrolls of fear {unknown}
 x - 2 scrolls of brand weapon {unknown}
 A - 7 scrolls of fog
 M - 3 scrolls of enchant weapon {unknown}
 R - 3 scrolls of enchant armour {unknown}
 S - a scroll of silence {unknown}
 Y - a scroll of summoning {unknown}
Potions
 c - 2 potions of curing
 d - 2 potions of might
 f - 3 potions of magic
 i - 5 potions of brilliance
 q - 2 potions of attraction
 t - 2 potions of cancellation
 z - 2 potions of flight {unknown}
 D - 3 potions of haste {unknown}
 E - 2 potions of resistance
 W - 2 potions of lignification


   Skills:
 + Level 14.0 Fighting
 + Level 14.9 Maces & Flails
 + Level 14.0 Armour
 + Level 10.2 Dodging
 - Level 15.0 Shields
 + Level 6.8 Invocations


You had 15 spell levels left.
You didn't know any spells.
Your spell library contained the following spells:

 Spells                   Type           Power      Damage    Failure   Level
 Apportation              Tloc           0%         N/A       97%         1
 Necrotise                Necr           0%         1d4       97%         1
 Summon Small Mammal      Summ           0%         N/A       97%         1
 Ensorcelled Hibernation  Hex/Ice        0%         N/A       99%         2
 Scorch                   Fire           0%         2d5       99%         2
 Static Discharge         Conj/Air       0%         3-3/arc   99%         2
 Portal Projectile        Hex/Tloc       0%         N/A       100%        3
 Spider Form              Tmut/Pois      0%         N/A       100%        3
 Tukima's Dance           Hex            0%         N/A       100%        3
 Vampiric Draining        Necr           0%         2d6       100%        3
 Anguish                  Hex/Necr       0%         N/A       100%        4
 Cause Fear               Hex            0%         N/A       100%        4
 Dispel Undead            Necr           0%         3d6       100%        4
 Flame Wave               Conj/Fire      0%         2d4       100%        4
 Leda's Liquefaction      Hex/Erth       0%         N/A       100%        4
 Sticky Flame             Conj/Fire      0%         2d3       100%        4
 Agony                    Necr           0%         N/A       100%        5
 Arcjolt                  Conj/Air       0%         1d10      100%        5
 Blade Hands              Tmut           0%         N/A       100%        5
 Lee's Rapid Deconstruct  Erth           0%         3d5*      100%        5
 Lightning Bolt           Conj/Air       0%         1d11      100%        5
 Dispersal                Tloc           0%         N/A       100%        6
 Statue Form              Tmut/Erth      0%         N/A       100%        6
 Summon Cactus Giant      Summ           0%         N/A       100%        6
 Dragon Form              Tmut           0%         N/A       100%        7
 Disjunction              Tloc           0%         N/A       100%        8
 Maxwell's Capacitive Co  Air            0%         ∞         100%        8
 Dragon's Call            Summ           0%         N/A       100%        9


Dungeon Overview and Level Annotations

Branches:
Dungeon (15/15)            Temple (1/1) D:5            Lair (5/5) D:10
 Shoals (0/4) Lair:3        Snake (0/4) Lair:2        Slime (0/5) Lair:5
    Orc (2/2) D:11            Elf (0/3) Orc:2        Vaults (0/5) D:14
 Depths (0/4) D:15          Sewer (visited)           IceCv (visited)

Altars:
Ashenzari
Cheibriados
Dithmenos
Elyvilon
Fedhas
Gozag
Hepliaklqana
Kikubaaqudgha
Makhleb
Nemelex Xobeh
Okawaru
Qazlal
Ru
Sif Muna
Trog
Uskayaw
Vehumet
Wu Jian
Xom
Yredelemnul
Zin
The Shining One
Jiyva

Shops:
D:4 *   D:8 :   D:13 (   Orc:2 *[[(

Annotations:
D:8 2 transporters, tentaculo's ghost, novice OpCK
Lair:5 1 runed translucent door, Decritt's ghost, journeyman GrFi


Innate Abilities, Weirdness & Mutations

You cannot be hasted, slowed, berserked, paralysed or teleported.
You can dig through walls and to a lower floor.
You have a pair of large antennae on your head. (SInv)
Your four strong arms can wield two-handed weapons with a shield.
You possess an exceptional clarity of mind.
You are frail. (-10% HP)
You are somewhat resistant to further mutation.
You passively map a small area around you.
You are weak. (Str -2)


Message History

You block Decritt's ghost's attack.
You feel very sick. You block the boulder beetle's attack.
The boulder beetle stops rolling and uncurls.
Decritt's ghost attacks as you move away!
You block Decritt's ghost's attack.
You feel sick.
You are confused.
You feel invigorated.
You feel sick. Decritt's ghost hits you!
* * * LOW HITPOINT WARNING * * *
The boulder beetle waves its antennae.
The boulder beetle bites you!
* * * LOW HITPOINT WARNING * * *
You feel better.
You feel less invigorated. Decritt's ghost hits you.
* * * LOW HITPOINT WARNING * * *
You are poisoned.
The boulder beetle bites you but does no damage.
You feel sick.
Okay, then.
Unknown command.
Your shield is strengthened by the Shining One's divine power.
You feel sick. You block Decritt's ghost's attack.
The boulder beetle leaps!
You feel sick.
You feel sick.
Decritt's ghost attacks as you move away!
Decritt's ghost hits you.
* * * LOW HITPOINT WARNING * * *
You are lethally poisoned!
* * * LOW HITPOINT WARNING * * *
You feel very sick.
Decritt's ghost attacks as you move away!
You block Decritt's ghost's attack.
* * * LOW HITPOINT WARNING * * *
You feel sick.
Aiming: Polymorph
Press: ? - help, Q - select action, (/) - cycle Shift-Dir - straight line, f/p - Decritt's ghost
Aim: Decritt's ghost, wielding a weapon of venom (lightly damaged, haloed, not susceptible) Decritt's ghost is unaffected.
The Shining One protects you from harm! Decritt's ghost hits you.
You die...

#..........#.......
##B........#.......
##....#..##........
#P.###....##.......
##...##..#.........
#..................
#..................
##W...............#
#.@................
##.................
##.P.......##......
#...###P...##...../
##..###.P..#.......
#.........P........
##...........†....P
#........###......
##.###...###......#


You could see a boulder beetle and Decritt's ghost.

Vanquished Creatures
  A caustic shrike zombie (D:15)
  A white draconian (IceCv)
  Snorg (Lair:4)
  3 vault guards (D:14)
  4 hydras
  An ogre mage (D:14)
  4 centaur warriors
  Erica (D:8)
  A tengu warrior (D:14)
  6 two-headed ogres
  6 boulder beetles
  7 death yaks
  A vampire mage (D:15)
  2 wizards
  3 lindwurms (Lair:5)
  Pikel (D:8)
  5 orc knights
  8 ugly things
  A deep elf pyromancer (D:15)
  A fire giant zombie (D:15)
  2 necromancers
  A wolf spider (Lair:5)
  An orc sorcerer (D:14)
  6 cyclopes
  3 manticores
  4 elephants
  12 black mambas
  A stone giant skeleton (D:15)
  2 ice statues (IceCv)
  A guardian serpent (Lair:5)
  15 cane toads
  Maggie (D:9)
  4 gargoyles
  6 torpor snails (Lair:5)
  2 unseen horrors
  6 rime drakes
  3 komodo dragons
  An efreet (D:15)
  Psyche (D:8)
  A guardian mummy (D:14)
  3 tengu conjurers
  2 ice devils (D:12)
  5 trolls
  2 polar bears (shapeshifter)
  3 polar bears
  A troll (shapeshifter) (D:15)
  3 tyrant leeches (Lair:5)
  7 slime creatures
  11 hornets
  A snapping turtle (Lair:3)
  Prince Ribbit (D:7)
  4 blink frogs
  5 shadows
  Sigmund (D:4)
  A wraith (D:13)
  51 yaks
  7 basilisks
  11 wyverns
  2 redbacks (Lair:5)
  2 steam dragons
  11 vampire mosquitoes
  Edmund (D:4)
  4 nagas (Lair:2)
  37 water moccasins
  2 wargs
  A glowing shapeshifter zombie (D:15)
  2 acid dragons
  30 orc warriors
  2 ice beasts (D:6)
  A sky beast (D:7)
  A black bear (Lair:2)
  7 wolves
  4 ogres
  A phantom (D:11)
  12 centaurs
  5 necrophages
  8 bullfrogs
  2 gnoll sergeants (D:7)
  3 wights (D:6)
  2 troll zombies (D:11)
  9 killer bees
  3 lindwurm simulacra (IceCv)
  2 electric eels (Lair:3)
  8 komodo dragon simulacra (IceCv)
  10 orc priests
  A hound (D:6)
  5 jellies
  Terence (D:2)
  A scorpion zombie (D:4)
  5 iguanas
  18 orc wizards
  2 polar bear simulacra (Lair:2)
  3 yak simulacra (Lair:2)
  A hell rat (Sewer)
  6 ogre zombies (D:11)
  A hound zombie (D:4)
  A mummy (D:12)
  Robin (D:2)
  19 gnolls
  5 acid dragon simulacra (IceCv)
  17 adders
  4 river rats (Sewer)
  A white imp (D:6)
  An ufetubus (D:5)
  5 steam dragon simulacra (IceCv)
  An adder zombie (D:4)
  3 worms
  77 orcs
  6 ball pythons
  5 endoplasms
  5 giant cockroaches
  7 hobgoblins
  3 jackals (D:3)
  A quokka (D:2)
  4 bats
  2 frilled lizards (D:2)
  23 goblins
  3 goblin skeletons (D:11)
  A goblin zombie (D:11)
  3 hobgoblin zombies (D:11)
  8 kobolds
  5 orc skeletons (D:11)
  13 orc zombies (D:11)
  6 rats
  6 river rat simulacra (Lair:2)
  2 bushes (D:4)
704 creatures vanquished.

Vanquished Creatures (others)
  A skeletal warrior (D:14)
  29 fungi
  59 plants
  2 starspawn tentacles (Abyss:2)
  2 withered plants (D:15)
93 creatures vanquished.

Grand Total: 797 creatures vanquished

Notes
Turn   | Place    | Note
-------+----------+-------------------------------------------
     0 | D:1      | Dreamer the Formicid Fighter began the quest for the Orb.
     0 | D:1      | Reached XP level 1. HP: 18/18 MP: 1/1
   599 | D:1      | Reached XP level 2. HP: 24/24 MP: 2/2
   999 | D:2      | Reached XP level 3. HP: 4/29 MP: 3/3
  1378 | D:2      | Noticed Terence
  1387 | D:2      | Killed Terence
  1388 | D:2      | Reached XP level 4. HP: 15/35 MP: 4/4
  1564 | D:2      | Found a broken altar of Ashenzari.
  1695 | D:2      | Noticed Robin
  1738 | D:2      | Killed Robin
  1844 | D:2      | Found a faded altar of an unknown god.
  2132 | D:3      | Reached XP level 5. HP: 41/41 MP: 5/5
  2301 | D:3      | Reached skill level 5 in Maces & Flails
  2417 | D:3      | Found a glowing drain.
  2438 | Sewer    | Entered a sewer
  2620 | Sewer    | Reached XP level 6. HP: 45/47 MP: 6/6
  3418 | D:4      | Found a shadowy altar of Dithmenos.
  3525 | D:4      | Found an ancient bone altar of Kikubaaqudgha.
  3604 | D:4      | Found a sparkling altar of Nemelex Xobeh.
  3734 | D:4      | Found Mule's General Store.
  3743 | D:4      | Bought a potion of curing for 36 gold pieces
  3965 | D:4      | Found a blossoming altar of Fedhas.
  4047 | D:4      | Reached XP level 7. HP: 29/52 MP: 7/7
  4342 | D:4      | Noticed Sigmund
  4385 | D:5      | Entered Level 5 of the Dungeon
  4470 | D:5      | Found a stormy altar of Qazlal.
  4650 | D:5      | Found a staircase to the Ecumenical Temple.
  4657 | D:5      | Identified the +1 chain mail of the Witching Gods {rPois
                  | rC+ Int+4 Dex+3}
  4726 | D:5      | Reached XP level 8. HP: 57/58 MP: 8/8
  5230 | Temple   | Entered the Ecumenical Temple
  5585 | D:5      | Found an ornate altar of the Wu Jian Council.
  5795 | D:6      | Reached skill level 5 in Shields
  6628 | D:7      | Reached XP level 9. HP: 67/67 MP: 9/9
  6688 | D:7      | Reached skill level 5 in Armour
  6739 | D:7      | Reached skill level 5 in Fighting
  6739 | D:7      | Reached skill level 6 in Shields
  7452 | D:7      | Found an iron altar of Okawaru.
  7494 | D:7      | Noticed Prince Ribbit
  7517 | D:7      | Killed Prince Ribbit
  7518 | D:7      | Reached skill level 7 in Shields
  8087 | D:7      | Found a glowing silver altar of Zin.
  8087 | D:7      | Found a glowing golden altar of the Shining One.
  8089 | D:7      | Found a white marble altar of Elyvilon.
  8232 | D:8      | Reached XP level 10. HP: 47/77 MP: 10/10
  8449 | D:8      | Noticed Erica
  8450 | D:8      | Noticed Psyche
  8500 | D:8      | Noticed tentaculo's ghost (novice OpCK)
  8500 | D:8      | Noticed a moth of wrath
  8500 | D:8      | Found a transporter.
  8557 | D:8      | Noticed Pikel
  8565 | D:8      | Found a bloodstained altar of Trog.
  8644 | D:8      | Reached skill level 10 in Maces & Flails
  8644 | D:8      | Reached skill level 8 in Shields
  9049 | D:4      | Noticed Edmund
  9058 | D:4      | Killed Edmund
  9112 | D:4      | Bought a potion of mutation for 96 gold pieces
  9112 | D:4      | Gained mutation: You are partially covered in iridescent
                  | scales. (AC +2) [potion of mutation]
  9112 | D:4      | Gained mutation: You passively map a small area around you.
                  | [potion of mutation]
  9112 | D:4      | Gained mutation: You are resistant to electric shocks.
                  | (rElec) [potion of mutation]
  9322 | D:4      | Killed Sigmund
  9434 | D:8      | Killed Erica
  9435 | D:8      | Reached skill level 1 in Dodging
  9435 | D:8      | Reached skill level 9 in Shields
  9874 | D:8      | Killed Pikel
  9927 | D:8      | Found a radiant altar of Vehumet.
  9990 | D:8      | Found Deowoabo's Vocational Training.
 10052 | D:8      | Killed Psyche
 10074 | D:8      | Reached XP level 11. HP: 83/86 MP: 11/11
 10198 | D:8      | Found a transporter.
 10361 | D:9      | Noticed a two-headed ogre
 10490 | D:9      | Found a hazy altar of Hepliaklqana.
 10650 | D:9      | You fall into a shaft and drop 2 floors!
 10699 | D:11     | Noticed a cyclops
 10704 | D:10     | Entered Level 10 of the Dungeon
 10872 | D:9      | Noticed Maggie
 10918 | D:9      | Killed Maggie
 11184 | D:9      | Reached skill level 10 in Shields
 12047 | D:9      | Killed a two-headed ogre
 12631 | D:10     | Found a staircase to the Lair.
 12648 | D:10     | Noticed an elephant
 12656 | D:10     | Noticed a two-headed ogre
 12882 | D:10     | Reached XP level 12. HP: 50/95 MP: 12/12
 13098 | D:10     | Reached skill level 11 in Shields
 13576 | D:10     | Noticed a two-headed ogre
 13733 | D:10     | Killed a two-headed ogre
 13734 | D:10     | Reached skill level 5 in Dodging
 13810 | D:10     | Killed a two-headed ogre
 14683 | D:10     | Reached skill level 10 in Fighting
 14683 | D:10     | Reached skill level 10 in Armour
 14924 | D:11     | Found a staircase to the Orcish Mines.
 15297 | D:11     | Reached skill level 12 in Shields
 15488 | D:11     | Noticed a two-headed ogre
 15504 | D:11     | Killed a two-headed ogre
 15780 | D:12     | Found a snail-covered altar of Cheibriados.
 15901 | D:12     | Found a frozen archway.
 15924 | D:12     | Reached XP level 13. HP: 93/104 MP: 13/13
 16015 | IceCv    | Entered an ice cave
 17363 | IceCv    | Noticed a white draconian
 17413 | IceCv    | Killed a white draconian
 18748 | D:12     | Reached skill level 13 in Shields
 20030 | D:13     | Noticed a four-headed hydra
 20156 | D:13     | Noticed a centaur warrior
 20179 | D:13     | Killed a centaur warrior
 20457 | D:13     | Found Ynuextask's Weapon Boutique.
 21299 | D:15     | Entered Level 15 of the Dungeon
 21299 | D:15     | Found a staircase to the Depths.
 21473 | D:13     | Noticed a four-headed hydra
 21637 | D:14     | Found a shimmering blue altar of Sif Muna.
 21818 | Abyss:2  | Cast into level 2 of the Abyss (a wizard)
 21849 | Abyss:2  | Noticed a pearl dragon
 21898 | Abyss:2  | Noticed a tentacled starspawn
 21931 | Abyss:2  | Noticed a tentacled starspawn
 21955 | Abyss:2  | Noticed a starcursed mass
 21968 | Abyss:2  | Noticed a starcursed mass
 22007 | Abyss:2  | Noticed a tentacled starspawn
 22022 | D:14     | Escaped the Abyss
 22502 | D:14     | Noticed a centaur warrior
 22517 | D:14     | Killed a centaur warrior
 22518 | D:14     | Reached XP level 14. HP: 85/113 MP: 14/14
 22752 | D:14     | HP: 1/114 [centaur warrior/arrow (17)]
 22758 | D:14     | HP: 2/114 [centaur warrior/arrow (16)]
 24192 | D:14     | Reached skill level 14 in Shields
 24306 | D:14     | Found a gate to the Vaults.
 24765 | D:15     | Found a shimmering altar of Xom.
 24765 | D:15     | Found a shimmering altar of Xom.
 24765 | D:15     | Found a shimmering altar of Xom.
 27040 | D:15     | Lost mutation: You are resistant to electric shocks.
                  | (rElec) [potion of mutation]
 27040 | D:15     | Lost mutation: You are partially covered in iridescent
                  | scales. (AC +2) [potion of mutation]
 27040 | D:15     | Gained mutation: Your system is resistant to poisons.
                  | (rPois) [potion of mutation]
 27040 | D:15     | Gained mutation: Your magical capacity is low. (-10% MP)
                  | [potion of mutation]
 27040 | D:15     | Gained mutation: Your natural rate of healing is unusually
                  | fast. [potion of mutation]
 27120 | D:15     | Lost mutation: Your magical capacity is low. (-10% MP)
                  | [potion of mutation]
 27120 | D:15     | Lost mutation: Your system is resistant to poisons. (rPois)
                  | [potion of mutation]
 27120 | D:15     | Lost mutation: Your natural rate of healing is unusually
                  | fast. [potion of mutation]
 27120 | D:15     | Gained mutation: Your magical capacity is low. (-10% MP)
                  | [potion of mutation]
 27120 | D:15     | Gained mutation: Your mind is acute. (Int +4, Str/Dex -1)
                  | [potion of mutation]
 27120 | D:15     | Gained mutation: You are partially covered in iridescent
                  | scales. (AC +2) [potion of mutation]
 27387 | D:15     | Found a shimmering altar of Xom.
 27453 | D:15     | Lost mutation: You passively map a small area around you.
                  | [potion of mutation]
 27453 | D:15     | Lost mutation: You are partially covered in iridescent
                  | scales. (AC +2) [potion of mutation]
 27453 | D:15     | Lost mutation: Your magical capacity is low. (-10% MP)
                  | [potion of mutation]
 27453 | D:15     | Gained mutation: Armour fits poorly on your strangely
                  | shaped body. [potion of mutation]
 27453 | D:15     | Lost mutation: Your mind is acute. (Int +4, Str/Dex -1)
                  | [potion of mutation]
 27453 | D:15     | Gained mutation: You are strong-willed. (Will+) [potion of
                  | mutation]
 28093 | D:4      | Bought a potion of curing for 36 gold pieces
 28348 | D:7      | Became a worshipper of the Shining One
 28451 | Orc:1    | Entered Level 1 of the Orcish Mines
 29058 | Orc:2    | Entered Level 2 of the Orcish Mines
 29262 | Orc:1    | Reached XP level 15. HP: 117/122 MP: 15/15
 29374 | Orc:2    | Found a staircase to the Elven Halls.
 29663 | Orc:2    | Reached * piety under the Shining One
 29676 | Orc:2    | Reached skill level 1 in Invocations
 30347 | Orc:2    | Found Guyfujoa's Armour Emporium.
 30347 | Orc:2    | Found Zisokhl Guojo's Armour Shop.
 30349 | Orc:2    | Found Aluehuc's Antique Weapon Boutique.
 30351 | Orc:2    | Found Maahe's General Store.
 30357 | Orc:2    | Bought 2 scrolls of identify for 52 gold pieces
 30362 | Orc:2    | Bought a +1 cloak of willpower for 165 gold pieces
 30544 | Lair:1   | Entered Level 1 of the Lair of Beasts
 30628 | Lair:1   | Reached skill level 15 in Shields
 30740 | Lair:1   | Identified the +1 leather armour "Geezud" {rC- Regen+ Int+2
                  | Stlth+}
 31624 | Lair:1   | Identified the +1 plate armour of Imperfection {rF+ rCorr
                  | Dex+5}
 32030 | Lair:2   | Found a staircase to the Snake Pit.
 32367 | Lair:2   | Reached ** piety under the Shining One
 32999 | Lair:3   | Lost mutation: You are strong-willed. (Will+) [potion of
                  | mutation]
 32999 | Lair:3   | Lost mutation: Armour fits poorly on your strangely shaped
                  | body. [potion of mutation]
 32999 | Lair:3   | Gained mutation: You are frail. (-10% HP) [potion of
                  | mutation]
 32999 | Lair:3   | Gained mutation: You are agile. (Dex +4, Str/Int -1)
                  | [potion of mutation]
 32999 | Lair:3   | Gained mutation: You possess an exceptional clarity of
                  | mind. [potion of mutation]
 32999 | Lair:3   | Gained mutation: You have large cloven feet. [potion of
                  | mutation]
 33000 | Lair:3   | Lost mutation: You have large cloven feet. [potion of
                  | mutation]
 33000 | Lair:3   | Lost mutation: You are agile. (Dex +4, Str/Int -1) [potion
                  | of mutation]
 33000 | Lair:3   | Gained mutation: You are weak. (Str -2) [potion of
                  | mutation]
 33000 | Lair:3   | Gained mutation: You are somewhat resistant to further
                  | mutation. [potion of mutation]
 33000 | Lair:3   | Gained mutation: You passively map a small area around you.
                  | [potion of mutation]
 33428 | Lair:3   | Found a staircase to the Shoals.
 33613 | Lair:4   | Noticed Snorg
 33630 | Lair:4   | Killed Snorg
 33923 | Lair:4   | Reached *** piety under the Shining One
 34548 | Lair:5   | Entered Level 5 of the Lair of Beasts
 34669 | Lair:5   | Reached skill level 5 in Invocations
 35232 | Lair:5   | Found a viscous altar of Jiyva.
 35233 | Lair:5   | Found a staircase to the Slime Pits.
 35289 | Lair:5   | Reached XP level 16. HP: 117/117 MP: 20/20
 36080 | Lair:5   | Reached skill level 10 in Dodging
 36152 | Lair:5   | Found a runed translucent door.
 36681 | Lair:5   | Found a runed translucent door.
 36681 | Lair:5   | Noticed Decritt's ghost (journeyman GrFi)
 37418 | Lair:5   | HP: 4/119 [boulder beetle (13)]
 37424 | Lair:5   | HP: 4/119 [poisoned by Decritt's ghost]
 37426 | Lair:5   | The Shining One protects you from harm!
 37426 | Lair:5   | Slain by Decritt's ghost

Illustrated notes

Levels and vault maps discovered:
D:1:      ncdulo_halloftheorcs, layout_basic, minmay_misc_feat_pillars
D:2:      layout_basic, basic_altar, hellmonk_ecumenical_altar_blasted,
          uniq_terence, uniq_robin
D:3:      layout_basic, portal_sewer_entry_a
D:4:      kennysheep_the_goblin_king, layout_basic, old_standard_altar,
          nicolae_overflow_crystal_walls, fedhas_altar_decomposition,
          nemelex_spade_bored_becter, serial_shops, shop,
          sigmund_edmund_badplayer
D:5:      layout_loops_cross, lemuel_coloured_pillars_altar,
          mainiacjoe_overflow_tiny_flanked, minmay_temple_entry_hall
D:6:      layout_cave_pools, nicolae_hexahallways
D:7:      layout_loops_ring, dreamdust_divine_triumvirate,
          mainiacjoe_overflow_small_starburst, uniq_prince_ribbit1
D:8:      layout_loops_cross, vehumet_altar_wand_db, lemuel_round_altar,
          gammafunk_ghost_berserking_beasts, nicolae_shop_vocational,
          uniq_pikel, uniq_psyche, uniq_erica
D:9:      layout_loops_ring, mainiacjoe_overflow_catwalk, minmay_liquid_box,
          grunt_decor_clamped, kennysheep_doodads, uniq_maggie
D:10:     layout_loops_cross, david_lair_generic
D:11:     layout_rooms, zombieorc2_lemuel, hangedman_decor_diamond_cutter,
          chequers_serial_rivers_room_b
D:12:     layout_roguey, portal_ice_cave_demonic_guard, slow_altar_1
D:13:     layout_loops_corners, serial_shops, shop
D:14:     layout_cave_pods, grunt_vaults_entry_fortified, lemuel_blue_sif_altar
D:15:     gammafunk_depths_entry_grave, layout_rooms, serial_bayou_shore_b,
          xom_shifter_show
Temple:   nicolae_temple_figure_zero
Lair:1:   lemuel_reptile_caves, layout_loops_ring, st_stairs_9
Lair:2:   layout_chaotic_city, guppyfry_snake_entry_garden,
          chequers_serial_rivers_micro_e, eino_house_with_fridge
Lair:3:   layout_hall_layers, minmay_shoals_entry_hut, guppyfry_lair_drakes,
          lemuel_fruit_tree
Lair:4:   layout_misc_corridors, uniq_snorg
Lair:5:   hangedman_lair_tendril_chambers, layout_regular_city, wormcave,
          slime_entry_1, ebering_ghost_inner_flame, st_stairs_6
Orc:1:    layout_caves
Orc:2:    st_orc_rangers, layout_caves, basic_altar, nicolae_orc_lost_temple

Skill      XL: |  1  2  3  4  5  6  7  8  9 10 11 12 13 14 15 16 |
---------------+-------------------------------------------------+-----
Maces & Flails | 3 4 5 7 8 9 10 11 12 13 14 | 14.9
Fighting       | 4 6 7 9 10 11 12 13 14 | 14.0
Armour         | 4 6 7 9 10 11 12 13 14 | 14.0
Shields        | 5 7 9 10 12 13 14 15 | 15.0
Dodging        | 2 4 5 7 8 9 10 | 10.2
Invocations    | 5 6 |  6.8

Action                   |  1- 3 |  4- 6 |  7- 9 | 10-12 | 13-15 | 16-18 || total
-------------------------+-------+-------+-------+-------+-------+-------++-------
Melee: Flail             |    60 |       |       |    37 |  1232 |   250 ||  1579
       Hand axe          |       |   210 |   266 |    46 |       |       ||   522
       Whip              |       |       |   111 |   950 |   913 |       ||  1974
       Dire flail        |       |       |       |       |     4 |    11 ||    15
Invok: Divine Shield     |       |       |       |       |       |     1 ||     1
 Abil: Shaft Self        |       |       |       |     1 |       |       ||     1
       Dig               |       |       |       |       |     4 |       ||     4
Evoke: Wand              |       |       |       |       |       |     1 ||     1
  Use: Scroll            |       |       |     8 |     2 |     8 |       ||    18
       Potion            |       |       |     1 |     2 |    19 |     4 ||    26
Armor: Scale mail        |    18 |       |       |       |       |       ||    18
       Chain mail        |       |    93 |   168 |   265 |   470 |       ||   996
       Skin              |       |       |       |       |    15 |       ||    15
       Plate armour      |       |       |       |       |   130 |    65 ||   195
Dodge: Dodged            |    19 |    50 |   132 |   268 |   556 |    66 ||  1091
Block: Buckler           |    15 |    38 |    82 |   204 |   906 |   108 ||  1353
       Reflection        |       |       |       |       |    67 |       ||    67
       Other             |       |       |       |       |     3 |       ||     3

Table legend: (Time is in decaauts)
 A = Elapsed time spent in this place.
 B = Non-inter-level travel time spent in this place.
 C = Inter-level travel time spent in this place.
 D = Time resting spent in this place.
 E = Time spent auto-exploring this place.
 F = Levels seen in this place.
 G = Mean time per level.
                   A        B        C        D        E       F      G
               +--------+--------+--------+--------+--------+-----+--------+
         Total |  36085 |  34497 |   1588 |  12557 |  12295 |  26 | 1387.9 |
       Dungeon |  25473 |  24006 |   1467 |   8897 |   8901 |  15 | 1698.2 |
        Temple |     80 |     79 |      1 |      0 |      0 |   1 |   80.0 |
          Lair |   6610 |   6513 |     97 |   2040 |   2683 |   5 | 1322.0 |
  Orcish Mines |   1771 |   1749 |     22 |    399 |    521 |   2 |  885.5 |
         Abyss |    203 |    203 |      0 |      0 |     18 |   1 |  203.0 |
         Sewer |    248 |    248 |      0 |    119 |      0 |   1 |  248.0 |
      Ice Cave |   1696 |   1696 |      0 |   1102 |    171 |   1 | 1696.0 |
               +--------+--------+--------+--------+--------+-----+--------+

Top non-repeatable levels by time:
    D:14: 4019 daAuts
  Lair:5: 2732 daAuts
    D:15: 2073 daAuts
    D:10: 1904 daAuts
     D:8: 1871 daAuts
     D:9: 1808 daAuts
    D:12: 1795 daAuts
   IceCv: 1696 daAuts
     D:4: 1561 daAuts
     D:7: 1561 daAuts
    D:13: 1491 daAuts
    D:11: 1471 daAuts
     D:5: 1386 daAuts
     D:6: 1325 daAuts
   Orc:2: 1260 daAuts
